Map: Lerilakgipfel

Players

imba

  • Race: Protoss Protoss
  • League: Grandmaster

strichcode - Winner!

  • Race: Zerg Zerg
  • League: Gold

VOD

Have the link to the VOD?

Description

Time

  • Played on: Sept. 30, 2015, 8:43 a.m.
  • Length: 9:28
Show
View Real Time Build Order
Export as new Build Order

imba Protoss 

Build Orders: Blink Stalkers 

Get SALT Encoding   

  12  0:01  Probe (Chrono Boost)  
  13  0:11  Probe (Chrono Boost)  
  14  0:21  Pylon  
  14  0:23  Probe (Chrono Boost)  
  15  0:39  Probe (Chrono Boost)  
  15  0:40  Assimilator  
  16  0:47  Gateway  
  16  0:50  Probe (Chrono Boost)  
  17  1:00  Probe (Chrono Boost)  
  18  1:10  Probe (Chrono Boost)  
  19  1:15  Gateway  
  19  1:20  Probe (Chrono Boost), Pylon  
  20  1:35  Zealot  
  22  1:41  Cybernetics Core  
  22  1:44  Probe (Chrono Boost)  
  23  1:54  Probe (Chrono Boost)  
  24  2:06  Pylon  
  24  2:08  Probe (Chrono Boost)  
  25  2:16  Pylon  
  25  2:18  Adept x2  
  25  2:20  Mothership Core (Chrono Boost)  
  31  2:25  Warp Gate (Chrono Boost)  
  31  2:38  Probe (Chrono Boost)  
  32  2:55  Nexus  
  32  2:58  Pylon  
  32  3:07  Adept x2  
  32  3:12  Assimilator  
  36  3:27  Probe (Chrono Boost)  
  36  3:31  Twilight Council  
  37  3:40  Adept x2  
  41  3:46  Pylon  
  41  3:51  Probe  
  42  3:55  Assimilator  
  42  4:05  Probe, Blink (Chrono Boost)  
  42  4:07  Probe  
  44  4:15  Probe  
  45  4:19  Probe  
  46  4:27  Gateway  
  46  4:35  Gateway  
  46  4:36  Probe  
  46  4:38  Probe  
  48  4:47  Stalker  
  48  4:48  Probe  
  48  4:50  Probe  
  52  4:56  Stalker  
  52  4:58  Probe  
  55  5:08  Gateway, Pylon  
  55  5:10  Probe  
  55  5:12  Probe  
  57  5:25  Pylon  
  57  5:34  Probe  
  57  5:36  Probe, Gateway  
  59  5:44  Stalker x2  
  59  5:45  Pylon  
  63  5:52  Robotics Facility  
  63  6:04  Stalker x2  
  67  6:16  Adept  
  67  6:17  Adept  
  65  6:24  Probe  
  57  6:25  Shield Upgrade (Chrono Boost)  
  57  6:26  Probe  
  57  6:30  Adept x2  
  63  6:40  Adept x2  
  63  6:41  Adept x2  
  63  6:58  Warp Prism (Chrono Boost)  
  63  7:00  Gateway  
  65  7:06  Adept x4  
  65  7:07  Adept x2  
  77  7:15  Pylon  
  77  7:20  Probe  
  77  7:21  Assimilator  
  78  7:23  Pylon  
  78  7:31  Observer (Chrono Boost)  
  71  7:48  Observer (Chrono Boost)  
  58  7:52  Adept x6  
  64  8:13  Forge  
  64  8:14  Nexus  
  64  8:15  Pylon  
  64  8:16  Forge  
  64  8:19  Pylon  
  64  8:28  Sentry x2  
  64  8:29  Sentry x2  
  72  8:45  Adept x3  
  57  8:56  Sentry  
  51  9:03  Adept x2  
  49  9:10  Adept  
  49  9:11  Adept x2  
Show
View Real Time Build Order
Export as new Build Order

strichcode Zerg - Winner!

Build Orders: Hatch First 

Get SALT Encoding   

  12  0:01  Drone  
  13  0:13  Overlord  
  13  0:21  Drone  
  13  0:24  Extractor  
  13  0:25  Extractor  
  13  0:26  Drone  
  13  0:29  Drone  
  13  0:35  Drone  
  17  0:54  Hatchery  
  16  1:07  Spawning Pool  
  16  1:10  Drone  
  16  1:12  Drone  
  16  1:16  Extractor  
  16  1:18  Drone  
  16  1:25  Drone  
  18  1:33  Drone  
  19  1:43  Overlord  
  19  1:56  Queen  
  19  2:01  Zergling x2  
  22  2:04  Evolution Chamber  
  21  2:18  Zergling x4  
  21  2:19  Zergling x2  
  21  2:20  Queen  
  26  2:27  Zergling x4  
  26  2:28  Metabolic Boost  
  28  2:46  Drone x3  
  28  2:49  Drone  
  32  2:53  Zerg Melee Weapons Level 1  
  31  3:04  Zergling x6  
  34  3:17  Overlord x2  
  34  3:33  Drone  
  34  3:34  Drone  
  36  3:36  Drone x2  
  36  3:37  Drone  
  36  3:39  Hatchery  
  38  3:44  Drone  
  38  3:45  Drone x2  
  38  3:47  Drone  
  42  3:51  Drone  
  42  3:54  Drone x2  
  45  3:57  Drone  
  45  4:00  Drone  
  46  4:05  Drone  
  46  4:06  Drone x2  
  49  4:10  Overlord  
  49  4:14  Drone x2  
  51  4:19  Overlord x2  
  51  4:32  Hatchery  
  51  4:37  Drone  
  51  4:38  Drone x5  
  56  4:40  Drone  
  56  4:44  Lair  
  57  4:49  Queen  
  59  5:00  Queen  
  59  5:04  Drone x7  
  59  5:05  Drone  
  69  5:11  Zergling x6  
  72  5:14  Overlord  
  72  5:23  Drone x2, Extractor  
  73  5:30  Zergling x2  
  73  5:31  Overlord  
  73  5:32  Overlord x2  
  73  5:34  Zergling x4  
  73  5:35  Zergling x8  
  80  5:47  Zerg Melee Weapons Level 2  
  80  5:53  Zergling x6  
  80  5:54  Zergling x14  
  90  6:01  Zergling x6  
  93  6:08  Hatchery  
  93  6:09  Zergling x6  
  93  6:10  Zergling x10  
  98  6:13  Drone x2  
  98  6:14  Drone  
  98  6:18  Drone x4  
  91  6:26  Infestation Pit  
  91  6:28  Drone  
  90  6:34  Drone x4  
  90  6:35  Drone  
  90  6:39  Overlord x2  
  95  6:45  Drone, Zergling x8  
  95  6:46  Zergling x6  
  101  6:51  Overlord x2  
  100  6:57  Zergling x10  
  100  6:58  Zergling x8  
  105  7:03  Hive  
  105  7:05  Zergling x6  
  105  7:06  Zergling x8  
  105  7:07  Zergling x2  
  113  7:13  Zergling x4  
  113  7:14  Zergling x6  
  118  7:20  Zergling x4  
  120  7:23  Zergling x4  
  120  7:27  Zergling x2  
  123  7:30  Zergling x4  
  123  7:31  Zergling x6  
  126  7:39  Zergling x6  
  126  7:40  Zergling x14  
  126  7:41  Zergling x6  
  126  7:43  Zergling x4  
  126  7:44  Zergling x4  
  126  7:46  Zergling x2  
  126  7:47  Zergling x2  
  121  7:52  Zergling x2  
  121  7:55  Zergling x2  
  121  7:56  Zergling x2  
  122  8:03  Zergling x14  
  122  8:04  Zergling x14  
  122  8:05  Zergling x8  
  140  8:15  Queen  
  140  8:17  Drone x5  
  140  8:18  Drone  
  148  8:28  Drone x2  
  148  8:30  Overlord x2  
  150  8:40  Evolution Chamber, Zergling x2  
  150  8:41  Zergling x6  
  150  8:42  Zergling x2  
  150  8:45  Overlord x2  
  150  8:46  Hatchery  
  141  8:49  Zergling x4  
  141  8:50  Zergling x4  
  141  8:51  Zergling x2  
  140  8:56  Zergling x8  
  140  8:57  Zergling x4  
  140  8:59  Zergling x4  
  140  9:01  Zergling x2  
  147  9:05  Spine Crawler  
  147  9:07  Spine Crawler  
Tags
 
Add a new tag
Caveats
  • Supply blocks, unpowered buildings, or Contaminate may cause inaccurate times.
  • Supply counts are checked every 10 seconds.